 Dungeon Crawl Stone Soup version 0.29-a0-542-g075992c915 (webtiles) character file.

Game seed: 4412135694406514972

7 Malachi the Charlatan (level 1, -1/15 HPs)
             Began as a Mummy Artificer on June 4, 2022.
             Slain by a kobold
             ... wielding a +1 dagger of protection
              (3 damage)
             ... on level 1 of the Dungeon.
             The game lasted 00:00:20 (312 turns).

Malachi the Charlatan (Mummy Artificer)              Turns: 312, Time: 00:00:21

Health: -1/15      AC:  3    Str: 15    XL:     1   Next: 83%
Magic:  1/1        EV: 11    Int: 10    God:
Gold:   35         SH:  0    Dex: 12    Spells: 0/0 levels left

rFire   x . .      SeeInvis .   a - +0 club
rCold   + . .      Faith    .   (no shield)
rNeg    + + +      Spirit   .   b - +0 leather armour
rPois   ∞          Reflect  .   (no helmet)
rElec   .          Harm     .   (no cloak)
rCorr   .          Rampage  .   (no gloves)
Will    .....                   (no boots)
Stlth   +.........              (no amulet)
HPRegen 0.05/turn               (no ring)
MPRegen 0.07/turn               (no ring)

@: no status effects
A: cold resistance 1, negative energy resistance 3, torment resistance 2, heat
vulnerability 1, no potions
a: no special abilities


You were on level 1 of the Dungeon.
You visited 1 branch of the dungeon, and saw 1 of its levels.

You collected 35 gold pieces.

Inventory:

Hand Weapons
 a - a +0 club (weapon)
Armour
 b - a +0 leather armour (worn)
Wands
 c - a wand of flame (15) (quivered)
 d - a wand of charming (15)
 e - a wand of iceblast (9)


   Skills:
 + Level 1.0 Fighting
 + Level 1.8 Armour
 + Level 0.7 Dodging
 + Level 0.7 Stealth
 + Level 2.7 Evocations


You couldn't memorise any spells.
You didn't know any spells.
Your spell library was empty.

Dungeon Overview and Level Annotations

Branches:
Dungeon (1/15)

Altars:


Innate Abilities, Weirdness & Mutations

You are immune to poison.
Your flesh is cold resistant. (rC+)
You are immune to negative energy. (rN+++)
You are immune to unholy pain and torment.
You are vulnerable to heat. (rF-)
You do not drink.


Message History

You hit the goblin but do no damage. The goblin barely misses you.
You hit the goblin.
You kill the goblin!
The bat barely misses you. 2 goblins come into view.
The goblin shouts!
You hear a shout!
The bat hits you.
The goblin moves out of view.
Things that are here:
a +0 dagger; a goblin corpse You closely miss the bat.
The bat hits you. The goblin completely misses you.
You barely miss the goblin. The bat closely misses you.
The bat hits you but does no damage. The goblin barely misses you.
The kobold hits you with a +1 dagger of protection.
The bat closely misses you. The kobold attacks as you move away!
The kobold hits you but does no damage. The bat closely misses you.
The bat closely misses you. The bat attacks as you move away!
The bat closely misses you. The bat hits you.
You closely miss the goblin. The goblin hits you with a +0 club.
You hit the goblin.
The goblin is heavily wounded.
The goblin hits you with a +0 club. x2
You are too injured to fight recklessly!
You are too injured to fight recklessly!
You are too injured to fight recklessly!
You miss the goblin.
The goblin is heavily wounded.
The goblin hits you with a +0 club.
You hit the goblin.
The goblin is severely wounded.
The goblin hits you with a +0 club.
* * * LOW HITPOINT WARNING * * *
You hit the goblin.
You kill the goblin!
The bat hits you but does no damage.
You closely miss the kobold.
The kobold hits you with a +1 dagger of protection.
* * * LOW HITPOINT WARNING * * *
The kobold hits you with a +1 dagger of protection.
You die...

........# #................
........# #.............#+#
........# #.............#.#
........####................
........##...............#.#
.......g...........#..####.#
... ###)###........##.# #.#
....#...K.#........ #.. #.#
...#.....#@.# .. .. #.#
........bK.## . #..
##.#...>.#.# . #.#
#.#.....#..... ......
#.###.###..## #.....
#.........## #.....
####....##### ####..#.#
........####### #.......#
.##...........## #.###....


You could see a bat and a kobold.

Vanquished Creatures
  A giant cockroach (D:1)
  A hobgoblin (D:1)
  A kobold (D:1)
  A frilled lizard (D:1)
  2 goblins (D:1)
6 creatures vanquished.

Notes
Turn   | Place    | Note
-------+----------+-------------------------------------------
     0 | D:1      | Malachi the Mummy Artificer began the quest for the Orb.
     0 | D:1      | Reached XP level 1. HP: 15/15 MP: 1/1
   312 | D:1      | Slain by a kobold

Illustrated notes

Levels and vault maps discovered:
D:1:      ncdulo_lavacross, layout_basic, st_stairs_3

Action                   || total
-------------------------++-------
Melee: Club              ||    24
Armor: Leather armour    ||     7
Dodge: Dodged            ||    16

Table legend: (Time is in decaauts)
 A = Elapsed time spent in this place.
 B = Non-inter-level travel time spent in this place.
 C = Inter-level travel time spent in this place.
 D = Time resting spent in this place.
 E = Time spent auto-exploring this place.
 F = Levels seen in this place.
 G = Mean time per level.
                   A        B        C        D        E       F      G
               +--------+--------+--------+--------+--------+-----+--------+
         Total |    318 |    318 |      0 |      0 |    262 |   1 |  318.0 |
       Dungeon |    318 |    318 |      0 |      0 |    262 |   1 |  318.0 |
               +--------+--------+--------+--------+--------+-----+--------+

Top non-repeatable levels by time:
     D:1: 318 daAuts
